 Dungeon Crawl Stone Soup version 0.28-a0-984-g3775c662fe (webtiles) character file.

Game seed: 2852847063234686051

3101 voltaire321 the Skirmisher (level 9, 0/81 HPs)
             Began as a Minotaur Fighter on Dec 3, 2021.
             Was an Initiate of Wu Jian.
             Slain by an elephant (5 damage)
             ... while petrified by a basilisk
             ... on level 8 of the Dungeon.
             The game lasted 00:18:21 (7737 turns).

voltaire321 the Skirmisher (Minotaur Fighter)       Turns: 7737, Time: 00:18:22

Health: 0/81       AC: 10    Str: 29    XL:     9   Next: 59%
Magic:  8/8        EV:  2    Int:  7    God:    Wu Jian [......]
Gold:   367        SH:  0    Dex: 10    Spells: 8/8 levels left

rFire   . . .      SeeInvis .   a - +0 war axe
rCold   . . .      Faith    .   w - +0 tower shield
rNeg    + + +      Spirit   .   b - +0 scale mail
rPois   ∞          Reflect  +   (helmet restricted)
rElec   .          Harm     .   t - +0 cloak
rCorr   .          Rampage  .   z - +0 pair of gloves
Will    .....                   (no boots)
Stlth   ..........              h - amulet of reflection
HPRegen 0.23/turn               k - +6 ring of strength
MPRegen 0.11/turn               (no ring)

@: petrified
A: horns 2, retaliatory headbutt
a: Renounce Religion


You were on level 8 of the Dungeon.
You worshipped Wu Jian.
Wu Jian was noncommittal.
You visited 2 branches of the dungeon, and saw 9 of its levels.
You also visited: Sewer.

You collected 367 gold pieces.

Inventory:

Hand Weapons
 a - a +0 war axe (weapon)
Missiles
 l - 33 poisoned darts (quivered)
Armour
 b - a +0 scale mail (worn)
 e - a +0 kite shield
 t - a +0 cloak (worn)
 w - a +0 tower shield (worn)
 z - a +0 pair of gloves (worn)
Jewellery
 h - an amulet of reflection (around neck)
 k - a +6 ring of strength (left hand)
 m - an amulet of the acrobat
Wands
 g - a wand of mindburst (12)
 x - a wand of digging (6)
 y - a wand of iceblast (9)
Scrolls
 i - a scroll of teleportation
 n - a scroll of fear
Potions
 c - a potion of cancellation
 d - 2 potions of might
 f - 3 potions of heal wounds
 j - 6 potions of curing
 p - 2 potions of brilliance
 q - a potion of magic
 r - 5 potions of flight
 s - a potion of haste
 u - a potion of mutation
 v - a potion of experience {unknown}


   Skills:
 + Level 7.9 Fighting
 + Level 7.4 Axes
 + Level 4.8 Throwing
 + Level 7.9 Armour
 + Level 6.2 Dodging
 + Level 6.4 Shields


You had 8 spell levels left.
You didn't know any spells.
Your spell library contained the following spells:

 Spells                   Type           Power      Damage    Failure   Level
 Slow                     Hex            0%         N/A       100%        1
 Confusing Touch          Hex            0%         N/A       100%        3
 Conjure Flame            Conj/Fire      0%         6-21      100%        3
 Ignite Poison            Fire/Tmut/Pois 0%         N/A       100%        3
 Vampiric Draining        Necr           0%         2d6       100%        3
 Sticky Flame             Conj/Fire      0%         2d3       100%        4


Dungeon Overview and Level Annotations

Branches:
Dungeon (8/15)             Temple (1/1) D:6            Lair (0/6) D:8
  Sewer (visited)

Altars:
Ashenzari
Cheibriados
Dithmenos
Elyvilon
Fedhas
Gozag
Hepliaklqana
Kikubaaqudgha
Makhleb
Nemelex Xobeh
Okawaru
Qazlal
Ru
Sif Muna
Trog
Uskayaw
Vehumet
Wu Jian
Xom
Yredelemnul
Zin
The Shining One

Shops:
D:4 !

Annotations:
D:2 Natasha


Innate Abilities, Weirdness & Mutations

You have a pair of horns on your head.
You reflexively headbutt those who attack you in melee.


Message History

You hear a shout!
An orc comes into view. It is wielding a +0 hand axe.
The orc shouts!
You hear a shout!
The wyvern bites you. You block the wyvern's attack.
Your limbs are stiffening.
You block the wyvern's attack.
You have turned to stone.
The wyvern bites you. x2
The wyvern bites you but does no damage.
An orc comes into view. It is wielding a +0 mace.
The wyvern barely misses you.
The orc warrior hits you with a +0 scimitar!
The basilisk bites you. The wyvern bites you.
You hear the slow hiss of an avalanche of sand.
The wyvern bites you but does no damage.
The orc warrior hits you with a +0 scimitar!!
The basilisk bites you! The orc hits you with a +0 hand axe.
The wyvern completely misses you.
The orc warrior hits you with a +0 scimitar!
* * * LOW HITPOINT WARNING * * *
The orc hits you with a +0 hand axe.
* * * LOW HITPOINT WARNING * * *
The basilisk bites you.
* * * LOW HITPOINT WARNING * * *
The wyvern bites you but does no damage.
The elephant tramples you but does no damage.
The elephant barely misses you. The wyvern bites you!
* * * LOW HITPOINT WARNING * * *
The orc warrior hits you with a +0 scimitar!
* * * LOW HITPOINT WARNING * * *
The basilisk bites you but does no damage.
The orc hits you but does no damage.
The wyvern bites you but does no damage.
The elephant tramples you but does no damage.
The elephant trunk-slaps you but does no damage.
The orc warrior hits you with a +0 scimitar!
* * * LOW HITPOINT WARNING * * *
The basilisk barely misses you. The orc hits you with a +0 hand axe.
* * * LOW HITPOINT WARNING * * *
The wyvern bites you but does no damage.
The elephant tramples you!
You die...

*,,*,#.P.....**#..).#****
*****,**#..P...,* #.##.....****
**,,,*,,,*#....,**##.#*####?,>**
**,,,,,,,,**#o..**##..# ***,*,
*,,,,,,,,,,..#..###?.#####* *,,,
*,,,,,,,,,,..............)#****,,
*,,,,,,,,,,..###o#.....##..,,,,,,
**,,,,,,,,,,*#.ool.....$#*******,
**,,,**,,,**#.#@lh.....# *,
**********#....Y......# *,
#.#####....## ** #,*,,,#...[.# *
*,+,∩,*.....# *,*,,,*.....#
*,*****,...## *,,,,,,,,,**
***********


You could see an elephant, a basilisk, an orc warrior, a black bear, a wyvern
and 2 orcs.

Vanquished Creatures
  A manticore (D:6)
  Joseph (D:7)
  Edmund (D:5)
  A water moccasin (D:7)
  A black bear (D:7)
  7 ogres
  2 centaurs
  A necrophage (D:8)
  2 phantoms
  A kobold brigand (Sewer)
  3 scorpions
  A wyvern skeleton (D:6)
  4 wights (D:7)
  A howler monkey (D:5)
  2 centaur zombies
  2 hounds
  A jelly (D:6)
  2 orc priests (D:3)
  A bullfrog skeleton (D:7)
  3 centaur skeletons
  An orc wizard (D:6)
  A killer bee zombie (D:6)
  A hound zombie (D:5)
  10 adders
  A river rat (Sewer)
  2 shadow imps
  2 white imps
  3 ufetubi (D:6)
  3 worms
  A dart slug (D:3)
  16 orcs
  3 ball pythons
  6 endoplasms
  4 giant cockroaches
  6 goblins
  6 hobgoblins
  3 jackals (D:2)
  9 quokkas
  2 bats
  4 frilled lizards
  15 kobolds
  6 rats
  A spectral hobgoblin (D:1)
144 creatures vanquished.

Vanquished Creatures (others)
  An orc priest (D:6)
  An orc wizard (D:6)
  A killer bee zombie (D:6)
  2 orcs (D:6)
5 creatures vanquished.

Grand Total: 149 creatures vanquished

Notes
Turn   | Place    | Note
-------+----------+-------------------------------------------
     0 | D:1      | voltaire321 the Minotaur Fighter began the quest for the
                  | Orb.
     0 | D:1      | Reached XP level 1. HP: 19/19 MP: 0/0
   173 | D:1      | Reached XP level 2. HP: 27/27 MP: 1/1
   251 | D:1      | Found a faded altar of an unknown god.
   572 | D:2      | Noticed Natasha
   620 | D:2      | Reached skill level 1 in Dodging
   620 | D:2      | Reached XP level 3. HP: 33/33 MP: 2/2
   909 | D:2      | Reached XP level 4. HP: 27/40 MP: 3/3
  1535 | D:3      | Found a large runed translucent door.
  1536 | D:3      | Found a large runed translucent door.
  1567 | D:3      | Found a sacrificial altar of Ru.
  1580 | D:3      | Found an opulent altar of Gozag.
  1646 | D:3      | Noticed a phantom
  1707 | D:3      | Killed a phantom
  1708 | D:3      | Reached XP level 5. HP: 37/47 MP: 4/4
  1902 | D:3      | Reached skill level 5 in Fighting
  1902 | D:3      | Reached skill level 5 in Armour
  2421 | D:4      | Reached XP level 6. HP: 56/56 MP: 5/5
  2449 | D:4      | Found a shadowy altar of Dithmenos.
  2529 | D:4      | Found Wukulluw's Distillery.
  3102 | D:4      | Reached skill level 1 in Throwing
  3136 | D:5      | Entered Level 5 of the Dungeon
  3136 | D:5      | Noticed Edmund
  3142 | D:5      | Killed Edmund
  3175 | D:5      | Found a glowing drain.
  3279 | Sewer    | Entered a sewer
  3351 | Sewer    | Reached XP level 7. HP: 62/62 MP: 6/6
  3379 | Sewer    | Found a white marble altar of Elyvilon.
  3682 | D:5      | Reached skill level 5 in Axes
  4322 | D:6      | Found a basalt altar of Yredelemnul.
  4645 | D:6      | Reached XP level 8. HP: 56/71 MP: 7/7
  4727 | D:6      | Noticed a manticore
  4738 | D:6      | Killed a manticore
  4992 | D:6      | Reached skill level 5 in Dodging
  5053 | D:6      | Reached skill level 5 in Shields
  5123 | D:6      | Found a bloodstained altar of Trog.
  5369 | D:6      | Found a staircase to the Ecumenical Temple.
  5378 | Temple   | Entered the Ecumenical Temple
  5454 | Temple   | Became a worshipper of the Wu Jian Council
  6506 | D:7      | Reached XP level 9. HP: 78/79 MP: 8/8
  6528 | D:7      | Noticed Joseph
  6538 | D:7      | Killed Joseph
  7057 | D:7      | Found a burning altar of Makhleb.
  7711 | D:8      | Found a staircase to the Lair.
  7711 | D:8      | Noticed an elephant
  7736 | D:8      | HP: 4/81 [orc (1)]
  7737 | D:8      | Slain by an elephant

Illustrated notes

Levels and vault maps discovered:
D:1:      dpeg_arrival_boxes_within_box, layout_basic,
          dreamdust_ecumenical_altar_drowned_temple
D:2:      layout_basic, uniq_natasha
D:3:      layout_loops_cross, jmf_multi_god_temple2
D:4:      layout_loops_cross, nicolae_dithmenos_the_darkroom, serial_shops,
          nicolae_shop_statue_plus, corexii_checkpoint_a
D:5:      layout_rooms, gup_sewer_entry_pipe, palyth_stone_intersect,
          kennysheep_cross_bottleneck, uniq_edmund
D:6:      layout_basic, lemuel_temple_firewalk_b, mrwooster_statue_mirror,
          minmay_misc_feat_cross, minmay_misc_feat_tower,
          hangedman_feature_mirror, minivault_22, lemuel_another_geyser
D:7:      layout_loops_ring, lemuel_tele_altar, uniq_joseph
D:8:      layout_rooms, david_lair_generic, enter_ossuary_2, serial_shops, shop,
          st_stairs_7
Temple:   dpeg_five_rooms_temple

Skill      XL: |  1  2  3  4  5  6  7  8  9 |
---------------+----------------------------+-----
Fighting       | 4 5 6 7 |  7.9
Dodging        | 1 2 3 4 5 6 |  6.2
Shields        | 4 5 6 |  6.4
Armour         | 4 5 6 7 |  7.9
Axes           | 3 4 5 6 7 |  7.4
Throwing       | 1 2 4 |  4.8

Action                   |  1- 3 |  4- 6 |  7- 9 || total
-------------------------+-------+-------+-------++-------
Melee: War axe           |    58 |   145 |   177 ||   380
       Headbutt          |     7 |    29 |    38 ||    74
Throw: Dart              |       |       |     1 ||     1
Invok: Lunge             |       |       |     3 ||     3
  Use: Scroll            |       |     6 |    11 ||    17
       Potion            |       |       |     4 ||     4
Armor: Scale mail        |    24 |    26 |    51 ||   101
Dodge: Dodged            |    16 |    50 |    70 ||   136
Block: Buckler           |    22 |    63 |    20 ||   105
       Reflection        |     2 |     2 |     6 ||    10
       Kite shield       |       |       |    85 ||    85
       Tower shield      |       |       |    55 ||    55

Table legend: (Time is in decaauts)
 A = Elapsed time spent in this place.
 B = Non-inter-level travel time spent in this place.
 C = Inter-level travel time spent in this place.
 D = Time resting spent in this place.
 E = Time spent auto-exploring this place.
 F = Levels seen in this place.
 G = Mean time per level.
                   A        B        C        D        E       F      G
               +--------+--------+--------+--------+--------+-----+--------+
         Total |   7923 |   7646 |    277 |   1339 |   4637 |  10 |  792.3 |
       Dungeon |   7437 |   7190 |    247 |   1339 |   4303 |   8 |  929.6 |
        Temple |    290 |    260 |     30 |      0 |    244 |   1 |  290.0 |
         Sewer |    196 |    196 |      0 |      0 |     89 |   1 |  196.0 |
               +--------+--------+--------+--------+--------+-----+--------+

Top non-repeatable levels by time:
     D:6: 1929 daAuts
     D:7: 1214 daAuts
     D:5: 1041 daAuts
     D:2: 906 daAuts
     D:3: 876 daAuts
     D:4: 783 daAuts
     D:1: 632 daAuts
  Temple: 290 daAuts
   Sewer: 196 daAuts
     D:8: 53 daAuts
